 Dungeon Crawl Stone Soup version 0.30.0-20-g3615ddf2f0 (webtiles) character file.

Game seed: 8279765420070133249

440 qw the Chopper (level 7, -11/43 HPs)
             Began as a Gargoyle Fighter on May 29, 2023.
             Mangled by an ogre
             ... wielding a +0 giant spiked club
              (20 damage)
             ... on level 4 of the Dungeon.
             The game lasted 00:01:44 (2791 turns).

qw the Chopper (Gargoyle Fighter)                   Turns: 2791, Time: 00:01:45

Health: -11/43     AC: 13    Str: 21    XL:     7   Next: 2%
Magic:  7/7        EV:  7    Int:  9    God:
Gold:   102        SH:  4    Dex:  9    Spells: 6/6 levels left

rFire   . . .        Y - +1 war axe
rCold   . . .        c - +0 buckler
rNeg    + . .        n - +0 chain mail
rPois   inf          (no helmet)
rElec   +            (no cloak)
rCorr   .            (no gloves)
SInv    .            (no boots)
Will    .....        (no amulet) Stlth
                     (no ring)
HPRegen 0.27/turn    (no ring)
MPRegen 0.10/turn

%: no passive effects
@: no status effects
A: sickness immunity, AC +4, negative energy resistance 1, electricity
resistance, torment resistance 1, petrification resistance
a: no special abilities


You were on level 4 of the Dungeon.
You visited 1 branch of the dungeon, and saw 4 of its levels.

You collected 102 gold pieces.


Innate Abilities, Weirdness & Mutations

You are immune to sickness and miasma.
Your stone body is resilient. (AC +4)
You are immune to poison.
You resist negative energy. (rN+)
You are resistant to electric shocks. (rElec)
You are resistant to unholy torment.
You are immune to petrification.


   Skills:
 - Level 4.0 Fighting
 - Level 6.3 Axes
 - Level 3.2 Armour
 + Level 0.0 Dodging
 - Level 3.2 Shields


You had 6 spell levels left.
You didn't know any spells.
Your spell library was empty.

Inventory:

Hand Weapons
 l - a +0 whip
 Y - a +1 war axe (weapon)
Armour
 c - a +0 buckler (worn)
 f - a +0 chain mail of fire resistance
 n - a +0 chain mail (worn)
Scrolls
 g - a scroll of summoning {unknown}
 k - a scroll of identify
Potions
 a - a potion of haste {unknown}
 b - a potion of flight {unknown}
 d - a potion of might
 e - a potion of cancellation {unknown}
 i - 4 potions of lignification

Dungeon Overview and Level Annotations

Branches:
Dungeon (4/15)
 Temple: D:4-7

Altars:
Dithmenos
Wu Jian
Yredelemnul

Annotations:
D:3 2 transporters, qw's ghost, amateur GrFi


Message History

You kill the bat!
The bat's corpse disappears in a puff of smoke!
Eustachio hits you with a +0 falchion. Eustachio hits you but does no damage.
You slash Eustachio!
Eustachio is severely wounded.
You barely miss the river rat. The river rat closely misses you.
Eustachio hits you but does no damage.
The quokka bites you but does no damage.
You closely miss Eustachio.
Eustachio is severely wounded.
You hit the river rat but do no damage. You closely miss the quokka.
You block the river rat's attack. Eustachio barely misses you.
The quokka bites you but does no damage.
You barely miss Eustachio.
Eustachio is severely wounded.
You slash the river rat! You barely miss the quokka.
The river rat barely misses you.
The quokka bites you but does no damage.
Eustachio hits you but does no damage.
You closely miss Eustachio.
Eustachio is severely wounded.
You closely miss the river rat. You closely miss the quokka.
The quokka twitches its whiskers.
The quokka closely misses you. The river rat closely misses you.
Eustachio casts a spell.
The quokka completely misses you.
The river rat bites you but does no damage.
You slash Eustachio!
You kill Eustachio!
The quokka disappears in a puff of smoke!
The river rat disappears in a puff of smoke!
The bat disappears in a puff of smoke! x2
The river rat disappears in a puff of smoke!
You slash the ogre!
The ogre hits you with a +0 giant spiked club!
Your Axes skill increases to level 6!
You have reached level 7!
You hit the ogre but do no damage.
The ogre is heavily wounded.
The ogre hits you with a +0 giant spiked club!!
You die...

...# #.....#...#O ...#
#.....#...' ...#
#.....#...# ...#
#.....#..5# ...#
#.....#5.5 ...#
#.....#.¤
...#####.....#.#
##........####.########
#.....#%....))O@)....#
#.....#........¤¤....#
#.....#.......¤...¤..#
#.....#..............#
#.....+..............#
#.....#..............#
#.....##.....###..####
#.....# ###


You could see an ogre.

Vanquished Creatures
  Eustachio (D:4)
  Natasha (twice) (D:3)
  Terence (D:2)
  7 gnolls
  9 adders
  2 worms (D:2)
  2 dart slugs (D:2)
  4 orcs (D:4)
  9 endoplasms
  3 giant cockroaches
  A goblin (D:1)
  5 hobgoblins
  3 jackals
  6 kobolds
  2 quokkas
  9 ball pythons
  9 bats
  3 frilled lizards
  5 rats
83 creatures vanquished.

Notes
Turn   | Place    | Note
-------+----------+-------------------------------------------
     0 | D:1      | qw the Gargoyle Fighter began the quest for the Orb.
     0 | D:1      | Reached XP level 1. HP: 14/14 MP: 1/1
     0 | D:1      | 0 ||| qw: Version: 0.2-a-101-gf424e7f
     0 | D:1      | 0 ||| qw: Game counter: 311
     0 | D:1      | 0 ||| qw: Always use a shield: true
     0 | D:1      | 0 ||| qw: God list: Okawaru
     0 | D:1      | 0 ||| qw: Allow faded altars: false
     0 | D:1      | 0 ||| qw: Do Orc after D:15 true
     0 | D:1      | 0 ||| qw: Do second Lair branch before Depths: true
     0 | D:1      | 0 ||| qw: Lair rune preference: random
     0 | D:1      | 0 ||| qw: Plans: Normal, Zot:1-4, Slime:5, God:TSO, Crypt,
                  | Tomb, Pan, Hells, Abyss, Win
     0 | D:1      | 0 ||| PLANNING D:1-11
    68 | D:1      | Reached skill level 2 in Axes
   100 | D:1      | 100 ||| Stepping ~*~*~tactically~*~*~ (stealth).
   108 | D:1      | 108 ||| FLEEEEING.
   109 | D:1      | 109 ||| FLEEEEING.
   116 | D:1      | 116 ||| FLEEEEING.
   117 | D:1      | 117 ||| FLEEEEING.
   118 | D:1      | 118 ||| FLEEEEING.
   273 | D:1      | Reached XP level 2. HP: 16/19 MP: 2/2
   558 | D:1      | 558 ||| Stepping ~*~*~tactically~*~*~ (stealth).
   575 | D:1      | Reached skill level 3 in Axes
   808 | D:1      | 808 ||| READING scroll labelled LOILON NINLEG.
   809 | D:1      | 809 ||| READING scroll labelled NUAGES MOGYPH.
   810 | D:1      | 810 ||| READING scroll labelled JAPUBA SU ROGG.
   811 | D:1      | 811 ||| READING scroll labelled FIULEC YLAIPH.
   812 | D:1      | 812 ||| READING scroll labelled FIRALLI PYMUSM.
   813 | D:1      | 813 ||| DRINKING 2 sedimented coppery potions.
   876 | D:2      | 876 ||| STAIRDANCE
   880 | D:1      | Reached XP level 3. HP: 20/23 MP: 3/3
   943 | D:2      | Found a faded altar of an unknown god.
   960 | D:2      | Reached XP level 4. HP: 26/28 MP: 4/4
   981 | D:2      | 981 ||| Stepping ~*~*~tactically~*~*~ (hiding).
   989 | D:2      | Reached skill level 4 in Axes
   995 | D:2      | HP: 6/28 [gnoll/+0 whip (6)]
  1089 | D:2      | 1089 ||| DROPPING +0 club.
  1105 | D:2      | 1105 ||| Stepping ~*~*~tactically~*~*~ (stealth).
  1107 | D:2      | 1107 ||| Stepping ~*~*~tactically~*~*~ (hiding).
  1113 | D:2      | 1113 ||| FLEEEEING.
  1114 | D:2      | 1114 ||| FLEEEEING.
  1149 | D:2      | Noticed Terence
  1158 | D:2      | Killed Terence
  1159 | D:2      | Reached XP level 5. HP: 28/32 MP: 5/5
  1350 | D:2      | Reached skill level 5 in Axes
  1484 | D:2      | 1484 ||| UPGRADING to +0 chain mail.
  1494 | D:2      | 1494 ||| DROPPING +0 scale mail.
  1495 | D:2      | 1495 ||| READING 2 scrolls labelled EPLUEGGOXT.
  1496 | D:2      | 1496 ||| READING scroll labelled KUQUSI JATSERY.
  1497 | D:2      | 1497 ||| READING scroll labelled JUKYRU VIOGEV.
  1498 | D:2      | 1498 ||| READING scroll labelled USEDAU CUMO.
  1501 | D:2      | 1501 ||| READING scroll labelled UDGHOU KUQIDALU.
  1502 | D:2      | 1502 ||| READING 2 scrolls of identify.
  1502 | D:2      | 1502 ||| IDENTIFYING fizzy orange potion
  1503 | D:2      | 1503 ||| DROPPING potion of degeneration.
  1504 | D:2      | 1504 ||| DROPPING scroll of blinking.
  1532 | D:3      | Noticed qw's ghost (amateur GrFi)
  1532 | D:3      | Found a transporter.
  1532 | D:3      | Found a transporter.
  1867 | D:3      | Found a basalt altar of Yredelemnul.
  1954 | D:3      | Noticed Natasha
  1964 | D:3      | Killed Natasha
  1965 | D:3      | Reached XP level 6. HP: 38/38 MP: 6/6
  2010 | D:3      | Found an ornate altar of the Wu Jian Council.
  2069 | D:3      | Found a faded altar of an unknown god.
  2074 | D:3      | Found a shadowy altar of Dithmenos.
  2236 | D:3      | Noticed Natasha
  2237 | D:3      | 2237 ||| Stepping ~*~*~tactically~*~*~ (hiding).
  2245 | D:3      | Killed Natasha
  2526 | D:3      | 2526 ||| DRINKING 2 emerald potions.
  2527 | D:3      | 2527 ||| DROPPING potion of brilliance.
  2589 | D:4      | 2589 ||| STAIRDANCE
  2593 | D:4      | 2593 ||| STAIRDANCE
  2597 | D:4      | 2597 ||| STAIRDANCE
  2601 | D:4      | 2601 ||| STAIRDANCE
  2605 | D:4      | 2605 ||| STAIRDANCE
  2609 | D:4      | 2609 ||| STAIRDANCE
  2613 | D:4      | 2613 ||| STAIRDANCE
  2617 | D:4      | 2617 ||| STAIRDANCE
  2621 | D:4      | 2621 ||| STAIRDANCE
  2625 | D:4      | 2625 ||| STAIRDANCE
  2629 | D:4      | 2629 ||| STAIRDANCE
  2633 | D:4      | 2633 ||| STAIRDANCE
  2637 | D:4      | 2637 ||| STAIRDANCE
  2641 | D:4      | 2641 ||| STAIRDANCE
  2645 | D:4      | 2645 ||| STAIRDANCE
  2649 | D:4      | 2649 ||| STAIRDANCE
  2653 | D:4      | 2653 ||| STAIRDANCE
  2657 | D:4      | 2657 ||| STAIRDANCE
  2661 | D:4      | 2661 ||| STAIRDANCE
  2665 | D:4      | 2665 ||| STAIRDANCE
  2671 | D:4      | 2671 ||| FLEEEEING.
  2726 | D:4      | Noticed Eustachio
  2751 | D:4      | 2751 ||| Stepping ~*~*~tactically~*~*~ (hiding).
  2753 | D:4      | 2753 ||| Stepping ~*~*~tactically~*~*~ (hiding).
  2790 | D:4      | Killed Eustachio
  2790 | D:4      | HP: 8/38 [ogre/+0 giant spiked club (8)]
  2791 | D:4      | Reached skill level 6 in Axes
  2791 | D:4      | Reached XP level 7. HP: 9/43 MP: 7/7
  2791 | D:4      | Mangled by an ogre

Levels and vault maps discovered:
D:1:      wander_arrival_peaceful_grave, layout_loops_cross
D:2:      layout_rooms, nicolae_ecumenical_snake_handling, minmay_pentomino_s4,
          uniq_terence
D:3:      layout_loops_corners, lemuel_tele_altar,
          nicolae_overflow_ecumenical_swirl, mainiacjoe_overflow_alcove_1,
          gammafunk_ghost_mausoleum, uniq_natasha
D:4:      layout_gridville, grunt_gozag_statues, fiery_altar_vehumet,
          serial_bayou_lake_a, uniq_eustachio, uniq_edmund,
          uniq_crazy_yiuf_cottage

Skill      XL: |  1  2  3  4  5  6 |
---------------+-------------------+-----
Axes           | 2 3 4 5 6 |  6.3
Fighting       | 4 |  4.0
Armour         | |  3.2
Shields        | |  3.2

Action                     |  1- 3 |  4- 6 |  7- 9 || total
---------------------------+-------+-------+-------++-------
  Melee: War axe           |    83 |   166 |     1 ||   250
    Use: Scroll            |     5 |     6 |       ||    11
         Potion            |     1 |     1 |       ||     2
 Armour: Scale mail        |    57 |    26 |       ||    83
         Chain mail        |       |    86 |       ||    86
  Dodge: Dodged            |    37 |    73 |       ||   110
  Block: Buckler           |    15 |    28 |       ||    43

Table legend:
 A = Non-vault XP
 B = Vault XP
 C = Vault XP percentage of total XP
 D = Non-vault monster count
 E = Vault monster count
 F = Vault count percentage of total count
                 A         B        C        D         E       F
            +---------+---------+-------+---------+---------+-------
      Total |     311 |     318 |  50.6 |      71 |      12 |  14.5
            +---------+---------+-------+---------+---------+-------
        D:1 |      36 |       0 |   0.0 |      22 |       0 |   0.0
        D:2 |     117 |      94 |  44.5 |      22 |      10 |  31.2
        D:3 |     117 |      33 |  22.0 |      20 |       1 |   4.8
        D:4 |      41 |     191 |  82.3 |       7 |       1 |  12.5
            +---------+---------+-------+---------+---------+-------
